 Dungeon Crawl Stone Soup version 0.29-a0-25-g7f48f510a0 (webtiles) character file.

Game seed: 9476520573732752378

14 Hubjo the Grasshopper (level 2, -1/20 (22) HPs)
             Began as a Vampire Warper on Jan 31, 2022.
             Succumbed to an adder's poison
             ... on level 3 of the Dungeon.
             The game lasted 00:03:01 (288 turns).

Hubjo the Grasshopper (Vampire Warper)               Turns: 288, Time: 00:03:02

HP:   -1/20 (22)    AC: 10    Str: 12    XL:     2   Next: 27%
MP:   5/5           EV: 11    Int: 15    God:
Gold: 0             SH:  0    Dex: 13    Spells: 3/5 levels left

rFire   . . .      SeeInvis +   a - +0 short sword
rCold   . . .      Faith    .   (no shield)
rNeg    + . .      Spirit   .   e - +5 ring mail of Indemnity {rN+ Str+2}
rPois   .          Reflect  .   (no helmet)
rElec   .          Harm     .   (no cloak)
rCorr   .          Rampage  .   (no gloves)
Will    .....                   (no boots)
Stlth   +.........              (no amulet)
HPRegen 0.26/turn               (no ring)
MPRegen 0.09/turn               (no ring)

@: lethally poisoned (-1 -> -5), healing quickly, drained
A: alive, fangs 3, see invisible, vampiric 1
a: Exsanguinate


You were on level 3 of the Dungeon.
You visited 1 branch of the dungeon, and saw 3 of its levels.

Inventory:

Hand Weapons
 a - a +0 short sword (weapon)
Missiles
 d - 4 boomerangs of dispersal (quivered)
Armour
 b - a +0 leather armour
 e - the +5 ring mail of Indemnity (worn) {rN+ Str+2}
   (You found it on level 2 of the Dungeon)

   Str:       It affects your strength (+2).
   rN:        It protects you from negative energy.


   Skills:
 + Level 1.8 Fighting
 + Level 2.4 Short Blades
 + Level 0.7 Throwing
 + Level 1.0 Armour
 + Level 2.2 Dodging
 + Level 2.0 Spellcasting
 + Level 2.7 Translocations


You had 3 spell levels left.
You knew the following spells:

 Your Spells              Type           Power      Damage    Failure   Level
a - Blink                 Tloc           18%        N/A       26%         2

Your spell library contained the following spells:

 Spells                   Type           Power      Damage    Failure   Level
 Gell's Gravitas          Tloc           9%         N/A       45%         3
 Lesser Beckoning         Tloc           9%         N/A       45%         3
 Teleport Other           Tloc           9%         N/A       45%         3
 Stone Arrow              Conj/Erth      2%         3d7       83%         3
 Animate Armour           Summ/Erth      2%         N/A       99%         4
 Manifold Assault         Tloc           9%         N/A       99%         5
 Lehudib's Crystal Spear  Conj/Erth      0%         10d2      100%        8


Dungeon Overview and Level Annotations

Branches:
Dungeon (3/15)

Altars:

Shops:
D:2 *


Innate Abilities, Weirdness & Mutations

Your natural rate of healing is accelerated.
You have razor-sharp teeth.
You have supernaturally acute eyesight. (SInv)
You are afflicted with vampirism.


Message History

The kobold hits you but does no damage.
You closely miss the orc.
The orc is heavily wounded.
The quokka completely misses you. The orc hits you but does no damage. x2
You partially resist. The quokka closely misses you.
The kobold barely misses you.
You barely miss the orc.
The orc is heavily wounded.
The orc hits you but does no damage.
The orc hits you with a +0 dagger of draining.
* * * LOW HITPOINT WARNING * * *
You partially resist.
You feel drained. The quokka barely misses you. The kobold barely misses you.
Blink to where?
Press: ? - help, Dir - move target
Okay, then.
The orc barely misses you.
You see here a +0 club.
Blink to where?
Press: ? - help, Dir - move target A kobold, an adder and a rat come into view.
Found 22 stones and a ring mail.
As you read the scroll of blinking, it crumbles to dust.
The kobold shouts!
The rat bites you but does no damage. The adder bites you.
* * * LOW HITPOINT WARNING * * *
You are lethally poisoned!
The adder poisons you! The kobold barely misses you.
The adder bites you but does no damage.
* * * LOW HITPOINT WARNING * * *
You feel sick.
The kobold throws a stone.
The stone closely misses you.
Throw: 5 boomerangs (disperse)
Press: ? - help, Q - select action Shift-Dir - straight line, f - rat
Aim: a rat (56% to hit)
You throw a boomerang of dispersal.
The boomerang of dispersal hits the rat.
The rat blinks!
You kill the rat!
You die...

#......##..#####
#....o.##..#[..#
#.....r##......#
#......##.#....
#######o.....
######....#
....(.....#
#####.ยง..+
#@SK.# #....#
.....# ......#
.......#
....##### .....
#.####


You could see an adder, an orc, a quokka and a kobold.

Vanquished Creatures
  A dart slug (D:2)
  An orc (D:3)
  2 ball pythons (D:1)
  A hobgoblin (D:2)
  A kobold (D:2)
  3 quokkas (D:2)
  A goblin (D:1)
  A rat (D:3)
11 creatures vanquished.

Notes
Turn   | Place    | Note
-------+----------+-------------------------------------------
     0 | D:1      | Hubjo the Vampire Warper began the quest for the Orb.
     0 | D:1      | Reached XP level 1. HP: 16/16 MP: 3/3
   159 | D:2      | Identified the +5 ring mail of Indemnity {rN+ Str+2}
   186 | D:2      | Reached XP level 2. HP: 22/22 MP: 5/5
   189 | D:2      | Learned a level 2 spell: Blink
   248 | D:2      | Found Loschol's Assorted Antiques.
   281 | D:3      | Reached skill level 1 in Armour
   287 | D:3      | HP: 1/20 [poisoned by an adder]
   288 | D:3      | Succumbed to an adder's poison

Illustrated notes

Levels and vault maps discovered:
D:1:      mainiacjoe_arrival_reflecting_pool, layout_basic,
          amcnicky_mini_rare_corridor_liquid
D:2:      layout_rooms, serial_shops, nicolae_shop_waterfront,
          nicolae_shop_temple_entry_statues_fountains, minmay_misc_feat_rugged
D:3:      layout_basic, xom_teletrap_fun

Skill      XL: |  1  2 |
---------------+-------+-----
Armour         | 1 |  1.0
Fighting       | |  1.8
Short Blades   | |  2.4
Throwing       | |  0.7
Dodging        | |  2.2
Spellcasting   | |  2.0
Translocations | |  2.7

Action                   || total
-------------------------++-------
Melee: Short sword       ||    40
       Bite              ||     5
       Punch             ||     1
Throw: Boomerang         ||     1
  Use: Scroll            ||     1
Armor: Leather armour    ||     9
       Ring mail         ||    22
Dodge: Dodged            ||    48

Table legend: (Time is in decaauts)
 A = Elapsed time spent in this place.
 B = Non-inter-level travel time spent in this place.
 C = Inter-level travel time spent in this place.
 D = Time resting spent in this place.
 E = Time spent auto-exploring this place.
 F = Levels seen in this place.
 G = Mean time per level.
                   A        B        C        D        E       F      G
               +--------+--------+--------+--------+--------+-----+--------+
         Total |    292 |    273 |     19 |      0 |    147 |   3 |   97.3 |
       Dungeon |    292 |    273 |     19 |      0 |    147 |   3 |   97.3 |
               +--------+--------+--------+--------+--------+-----+--------+

Top non-repeatable levels by time:
     D:2: 141 daAuts
     D:1: 133 daAuts
     D:3: 17 daAuts
